Match 37270252
Unlisted

Match 37270252
End
Vickers Machine Gun Team
Selects Australian Defense Battlegroup
Selects Australian Light Infantry Section
Australian Light Infantry Section
Australian Light Infantry Section
Australian Light Infantry Section
Selects 2-pounder Anti-tank Gun Team
2-pounder Anti-tank Gun Team
Construct Field Infirmary
Construct Section Command Post
Selects CMP 15cwt Supply Run
Construct Platoon Command Post
Unlock M3 Stuart Light Tanks
M3 Stuart Light Tank
Selects Reinforced Resource Caches
Infantry Training
Australian Light Infantry Section
6-pounder Anti-tank Gun Team
Construct Company Command Post
Selects Archer Tank Destroyer
Archer Tank Destroyer
STALKER4732
ezh
kit.ohume
MatioS
keymod
†TugaElite†
0
0

Comments sign in to comment!

No comments posted yet!